 Dungeon Crawl Stone Soup version 0.30.0 (webtiles) character file.

Game seed: 15463976533957014081

201 Mysteryquy the Covered (level 5, -12/33 HPs)
             Began as a Gargoyle Fighter on May 6, 2023.
             Killed from afar by Ijyb (19 damage)
             ... with a bolt of dispelling energy
             ... on level 4 of the Dungeon.
             The game lasted 00:04:11 (2939 turns).

Mysteryquy the Covered (Gargoyle Fighter)           Turns: 2939, Time: 00:04:12

Health: -12/33     AC: 11    Str: 22    XL:     5   Next: 79%
Magic:  5/5        EV: 10    Int:  8    God:
Gold:   258        SH:  4    Dex:  9    Spells: 4/4 levels left

rFire   . . .        a - +0 war axe
rCold   . . .        c - +0 buckler
rNeg    + . .        b - +0 scale mail
rPois   ∞            (no helmet)
rElec   +            (no cloak)
rCorr   .            (no gloves)
SInv    .            (no boots)
Will    .....        (no amulet) Stlth
                     (no ring)
HPRegen 0.25/turn    (no ring)
MPRegen 0.09/turn

%: no passive effects
@: no status effects
A: sickness immunity, AC +4, negative energy resistance 1, electricity
resistance, torment resistance 1, petrification resistance
a: no special abilities


You were on level 4 of the Dungeon.
You visited 1 branch of the dungeon, and saw 4 of its levels.

You collected 258 gold pieces.

Inventory:

Hand Weapons
 a - a +0 war axe (weapon)
Armour
 b - a +0 scale mail (worn)
 c - a +0 buckler (worn)
Jewellery
 o - a ring of fire
 q - a ring of positive energy
Scrolls
 f - 9 scrolls of identify {unknown}
 h - a scroll of enchant armour {unknown}
 i - 2 scrolls of blinking {unknown}
 j - 2 scrolls of fear {unknown}
 k - 4 scrolls of teleportation {unknown}
 l - a scroll of vulnerability {unknown}
 p - a scroll of noise {unknown}
 r - a scroll of enchant weapon {unknown}
 u - a scroll of fog {unknown}
 x - a scroll of torment {unknown}
Potions
 d - 2 potions of might
 e - 2 potions of heal wounds {unknown}
 g - 4 potions of curing {unknown}
 m - 3 potions of lignification {unknown}
 n - a potion of cancellation {unknown}
 s - a potion of mutation {unknown}
 t - a potion of resistance {unknown}
 v - a potion of haste {unknown}
 w - 2 potions of ambrosia {unknown}


   Skills:
 + Level 4.0 Fighting
 + Level 3.5 Axes
 + Level 4.1 Armour
 + Level 1.5 Dodging
 + Level 3.8 Shields


You had 4 spell levels left.
You didn't know any spells.
Your spell library contained the following spells:

 Spells                   Type           Power      Damage    Failure   Level
 Anguish                  Hex/Necr       0%         N/A       100%        4
 Cause Fear               Hex            0%         N/A       100%        4
 Enfeeble                 Hex            0%         N/A       100%        7


Dungeon Overview and Level Annotations

Branches:
Dungeon (4/15)
 Temple: D:4-7

Altars:
Ashenzari
Cheibriados
Trog
Uskayaw
Zin

Annotations:
D:4 Ijyb


Innate Abilities, Weirdness & Mutations

You are immune to sickness and miasma.
Your stone body is resilient. (AC +4)
You are immune to poison.
You resist negative energy. (rN+)
You are resistant to electric shocks. (rElec)
You are resistant to unholy torment.
You are immune to petrification.


Message History

The iguana bites you but does no damage.
You hit the iguana.
You kill the iguana!
You see here an iguana corpse.
You start resting.
HP restored.
There is an open door here.
You open the door.
There is an open door here.
As you open the door, it creaks loudly!
There is an open door here.
You now have 258 gold pieces (gained 18).
Ijyb the Twisted Goblin comes into view.
She is wielding a +0 club and carrying a wand of quicksilver (8).
Ijyb is nearby!
Ijyb is nearby!
Ijyb zaps a wand.
The bolt of dispelling energy hits you!
Ijyb zaps a wand.
The bolt of dispelling energy hits you!
* * * LOW HITPOINT WARNING * * *
You are too injured to fight recklessly!
You are too injured to fight recklessly!
Sorry, you're not good enough to have a special ability.
You slash Ijyb!
Ijyb is severely wounded.
Ijyb zaps a wand.
The bolt of dispelling energy hits you but does no damage.
You hit Ijyb but do no damage.
Ijyb is heavily wounded.
Ijyb hits you but does no damage.
You hit Ijyb.
Ijyb is almost dead.
Ijyb barely misses you. Ijyb hits you but does no damage.
You closely miss Ijyb.
Ijyb is almost dead.
Ijyb misses you.
You hit Ijyb.
Ijyb is almost dead.
Ijyb zaps a wand.
The bolt of dispelling energy hits you!!
Ouch! That really hurt!
You die...

........##........#
#.#.#......#
######'###........#
#.#.######.# ######.#
#........+ #.#.# ###
.....#.# #........#
#.#.# .###.#.#
#.#..##### #.#.#######
.# #...# #.#..#
#.#.......#
.#########.#..#
#.#######.#
...........#..#####.##.#
#.#
############....@g.....#
#.#
#.######.##########.#
...# #.........##
###############.#.......
#⌠_.'......#.#####.
#⌠_.'...####.# #†
###≈###.####.# #. #
###...†..# #.
#.############.


You could see Ijyb.

Vanquished Creatures
  An iguana (D:4)
  8 adders
  An ufetubus (D:4)
  2 worms
  4 dart slugs
  3 orcs
  9 ball pythons
  9 endoplasms
  4 giant cockroaches
  5 goblins
  3 hobgoblins
  4 jackals (D:2)
  6 kobolds
  9 quokkas
  6 bats
  3 frilled lizards
  6 rats
83 creatures vanquished.

Vanquished Creatures (others)
  2 plants (D:3)
2 creatures vanquished.

Grand Total: 85 creatures vanquished

Notes
Turn   | Place    | Note
-------+----------+-------------------------------------------
     0 | D:1      | Mysteryquy the Gargoyle Fighter began the quest for the
                  | Orb.
     0 | D:1      | Reached XP level 1. HP: 14/14 MP: 1/1
   139 | D:1      | Reached XP level 2. HP: 19/19 MP: 2/2
   542 | D:1      | Reached XP level 3. HP: 12/24 MP: 3/3
  1093 | D:2      | Reached XP level 4. HP: 29/29 MP: 4/4
  1345 | D:3      | Found a faded altar of an unknown god.
  1998 | D:4      | Found a bloodstained altar of Trog.
  2055 | D:4      | Reached XP level 5. HP: 33/33 MP: 5/5
  2079 | D:4      | Found a glowing silver altar of Zin.
  2080 | D:4      | Found a broken altar of Ashenzari.
  2368 | D:4      | Reached skill level 1 in Dodging
  2544 | D:4      | Found a hide-covered altar of Uskayaw.
  2544 | D:4      | Found a snail-covered altar of Cheibriados.
  2931 | D:4      | Noticed Ijyb
  2939 | D:4      | Killed from afar by Ijyb

Illustrated notes

Levels and vault maps discovered:
D:1:      amcnicky_arrival_double_pillar, layout_basic, hangedman_feature_mirror
D:2:      layout_loops_cross
D:3:      layout_basic, chequers_ecumenical_altar_lobes
D:4:      layout_basic, nicolae_overflow_hidden_temple, trog_butcher_becter,
          gammafunk_temple_overflow_wave, uniq_ijyb, uniq_crazy_yiuf_cottage

Skill      XL: |  1  2  3  4  5 |
---------------+----------------+-----
Axes           | 2 3 |  3.5
Fighting       | 4 |  4.0
Armour         | 4 |  4.1
Dodging        | 1 |  1.5
Shields        | |  3.8

Action                     |  1- 3 |  4- 6 || total
---------------------------+-------+-------++-------
  Melee: War axe           |   107 |   149 ||   256
 Armour: Scale mail        |    69 |    76 ||   145
  Dodge: Dodged            |    60 |    62 ||   122
  Block: Buckler           |    19 |    28 ||    47
